[Event "Early-Titled-Tuesday-Blitz-November-28-2023"]
[Site "Chess.com"]
[Date "2023.11.28"]
[Round "9"]
[White "KaydenTroffChess"]
[Black "Alexsur1981"]
[Result "0-1"]
[WhiteElo "2784"]
[BlackElo "2927"]
[TimeControl "180+1"]
[EndTime "9:52:04 PST"]
[Termination "Alexsur1981 won by resignation"]

1. d4 Nf6 2. Nf3 e6 3. Bf4 c5 4. e3 Qb6 5. Nc3 d5 6. Na4 Qa5+ 7. c3 Nbd7 8. dxc5 Nxc5 9. Nxc5 Qxc5 10. Ne5 Bd6 11. Qa4+ Ke7 12. Be2 Qc7 13. Nd3 Bd7 14.
Qb3 Bxf4 15. Nxf4 Rhc8 16. O-O Kf8 17. Bf3 b5 18. Rfd1 a5 19. Rac1 Kg8 20. h4 Qc5 21. Nd3 Qe7 22. g3 e5 23. Bxd5 a4 24. Bxf7+ Kf8 25.
Qb4 Qxb4 26. cxb4 Rxc1 27. Rxc1 Kxf7 28. Nxe5+ Ke6 29. Nd3 Rc8 30. Nc5+ Ke7 31. Rd1 Be6 32. a3 Nd7 33. Nxd7 Bxd7 34. Rd2 Bg4 35. Kg2 Rf8 36.
Rd4 Bf3+ 37. Kh3 h5 38. e4 Rf6 39. Rd5 Rc6 40. Rxb5 Rc1 41. g4 hxg4+ 42. Kg3 Rc2 43. Ra5 Rxb2 44. Rxa4 Bxe4 45. Ra7+ Kf6 46. Ra6+ Ke5 47.
Kxg4 Rxf2 48. Ra5+ Bd5 49. Ra7 Rg2+ 50. Kh3 Rg1 51.
Kh2 Rg4 52. Kh3 Be6 53. Ra5+ Kf4 54. Ra6 Bf5 55. Kh2 Rxh4+ 56. Kg2 Be4+ 57. Kf2 Rh2+ 58.
Kg1 Rb2 59. Ra7 g5 60. Rf7+ Kg3 61. Kf1 Bf3 62. Ke1 g4 63. Re7 Rb3 64. Kd2 Kf2 65.
Kc2 Rxa3 66. b5 g3 67. b6 g2 68. b7 Bxb7 69. Rxb7 g1=Q 70. Rf7+ Rf3 0-1

[Event "Early-Titled-Tuesday-Blitz-November-28-2023"]
[Site "Chess.com"]
[Date "2023.11.28"]
[Round "9"]
[White "averageFM"]
[Black "Karateloru"]
[Result "1-0"]
[WhiteElo "2623"]
[BlackElo "2776"]
[TimeControl "180+1"]
[EndTime "9:52:04 PST"]
[Termination "averageFM won by resignation"]

1. e4 e5 2. Nf3 Nc6 3. Nc3 Nf6 4. h3 d5 5. exd5 Nxd5 6. Bb5 Nxc3 7. bxc3 Bd6 8. d4 exd4 9. cxd4 O-O 10. O-O Bf5 11. c4 a6 12. Bxc6 bxc6 13. c5 Be7 14.
Bf4 Be4 15. Re1 Bd5 16. Ne5 Bf6 17. Qg4 Re8 18. Qg3 Re6 19. a3 h6 20. Ng4 Bh4 21.
Bxc7 Bxg3 22. Bxd8 Bxf2+ 23. Nxf2 Rxd8 24. Rxe6 Bxe6 25. Rd1 Rb8 26. Nd3 a5 27. Nf4 Bb3 28. Rb1 g5 29. Nd3 f6 30. a4 Kf7 31. Nc1 Rb4 32. Nxb3 Rxa4 33. Ra1 Rxa1+ 34. Nxa1 Ke6 35. Kf2 Kd5 36.
Ke3 Kc4 37. Nc2 f5 38. Kd2 f4 39. Ke2 Kc3 40. d5 Kxc2 41. dxc6 a4 42. c7 a3 43. c8=Q a2 44. Qa6 1-0

[Event "Early-Titled-Tuesday-Blitz-November-28-2023"]
[Site "Chess.com"]
[Date "2023.11.28"]
[Round "9"]
[White "Tobias_Koelle"]
[Black "AryanTari"]
[Result "1-0"]
[WhiteElo "2869"]
[BlackElo "2964"]
[TimeControl "180+1"]
[EndTime "9:52:05 PST"]
[Termination "Tobias_Koelle won on time"]

1. d4 d5 2. Nc3 Nf6 3. Bf4 c6 4. e3 Bf5 5. Nf3 e6 6. Ne5 Nbd7 7. g4 Bg6 8. h4 Bb4 9. h5 Be4 10. f3 Qa5 11. fxe4 Nxe4 12. Nxd7 Nxc3 13. bxc3 Bxc3+ 14. Kf2 Bxa1 15. Nc5 Bc3 16. Nxb7 Qxa2 17. Nd6+ Ke7 18. Nb7 f6 19. Bd3 e5 20. dxe5 Bxe5 21.
Kg2 Rab8 22. Nc5 Qa3 23. Nb3 Qd6 24. Nd4 Kf7 25. Bxe5 fxe5 26. Rf1+ Kg8 27. Nf5 Qd7 28. Qf3 e4 29. Qf4 Re8 30. Ba6 h6 31. Rb1 Rh7 32. Rb7 Qe6 33. Rc7 Qf6 34. Bb7 g5 35. Qg3 Rxc7 36. Qxc7 Qc3 37. Qxc6 Qxc6 38. Bxc6 Rd8 39. Bxd5+ Kf8 40. Bxe4 a5 41. Bc6 Rc8 42. Nd4 Ke7 43. c4 Kd6 44. Bb5 Ke5 45. Kf3 Rf8+ 46. Ke2 1-0

[Event "Early-Titled-Tuesday-Blitz-November-28-2023"]
[Site "Chess.com"]
[Date "2023.11.28"]
[Round "9"]
[White "Nitzan_Steinberg"]
[Black "Ajedrez_con_German"]
[Result "1-0"]
[WhiteElo "2888"]
[BlackElo "2624"]
[TimeControl "180+1"]
[EndTime "9:52:05 PST"]
[Termination "Nitzan_Steinberg won by resignation"]

1. e4 e6 2. d3 c5 3. Nf3 Nc6 4.
g3 g6 5. Bg2 Bg7 6. O-O Nge7 7.
Re1 O-O 8. h4 h6 9. Nbd2 d6 10.
a4 e5 11. Nc4 Be6 12. c3 Qd7 13. a5 f5 14. exf5 gxf5 15. h5 f4 16. gxf4 exf4 17. Qb3 Kh7 18. a6 b6 19. Nxb6 Bxb3 20. Nxd7 Rfd8 21.
Bxf4 Rxd7 22. Nh4 Bf7 23. Rxe7 Rxe7 24. Bxc6 Rd8 25. Nf5 Rc7 26. Be4 Kg8 27. Bxd6 Rcd7 28. Bxc5 Bxh5 29. d4 Bg6 30. f3 Kh7 31. Kg2 Rf7 32.
Ng3 Bf8 33. b4 Bxc5 34. bxc5 Rb8 35. Ra2 Bxe4 36. fxe4 Rb1 37. c6 Rc1 38. d5 Rxc3 39. Nf5 Rf8 40. Rb2 Rg8+ 41. Kf2 Rg4 42. Rb7+ Kg8 43.
Nxh6+ Kf8 44. Nxg4 1-0

[Event "Early-Titled-Tuesday-Blitz-November-28-2023"]
[Site "Chess.com"]
[Date "2023.11.28"]
[Round "9"]
[White "Shivananda1964"]
[Black "Chemim21"]
[Result "1-0"]
[WhiteElo "2399"]
[BlackElo "2220"]
[TimeControl "180+1"]
[EndTime "9:52:05 PST"]
[Termination "Shivananda1964 won on time"]

1. d4 Nf6 2. Nf3 e6 3. g3 d5 4. Bg2 Be7 5. O-O O-O 6. c4 c6 7.
b3 Nbd7 8. Bb2 b6 9. Nbd2 Bb7 10. Qc2 Rc8 11. Rfd1 c5 12. Rac1 cxd4 13. Nxd4 Qc7 14. Qb1 Qb8 15. e4 dxe4 16. Nxe4 Nxe4 17. Bxe4 Bxe4 18.
Qxe4 Nf6 19. Qf3 Rfd8 20. Nc6 Rxd1+ 21. Rxd1 Qc7 22. Nxe7+ Qxe7 23. Bxf6 gxf6 24. Qg4+ Kf8 25. Qh5 Kg8 26. Rd4 f5 27. Rh4 f6 28. Rd4 Rd8 29.
Qd1 Rxd4 30. Qxd4 Kf7 31. Qc3 Qb7 32. b4 Qe4 33. c5 bxc5 34. bxc5 Qc6 35. Qc4 Ke7 36.
h4 Qd5 37. Qb4 Qd1+ 38. Kg2 Qd5+ 39. Kh2 Kd7 40. Qa4+ Kc8 41. Qxa7 Qf3 42. Qa6+ Kc7 43. Qb6+ Kc8 44. c6 Qd5 45. Qb7+ Kd8 46. c7+ 1-0

[Event "Early-Titled-Tuesday-Blitz-November-28-2023"]
[Site "Chess.com"]
[Date "2023.11.28"]
[Round "9"]
[White "suyu28"]
[Black "LoveUMore"]
[Result "1-0"]
[WhiteElo "2739"]
[BlackElo "2566"]
[TimeControl "180+1"]
[EndTime "9:52:06 PST"]
[Termination "suyu28 won on time"]

1. e4 Nc6 2. Nf3 d6 3. d4 Nf6 4. Nc3 Bg4 5. Be2 e5 6. Be3 Be7 7. d5 Nb8 8. h3 Bh5 9. g4 Bg6 10.
Nd2 h6 11. f3 O-O 12. Ncb1 c6 13. c4 Nbd7 14. Nc3 cxd5 15. cxd5 a6 16. a4 Nh7 17. O-O Rc8 18. Kg2 Nc5 19. Nc4 Bg5 20. Bg1 Bf4 21. Ra3 b5 22. axb5 axb5 23. Nxb5 Nxe4 24. fxe4 Bxe4+ 25. Rff3 Ng5 26. Nbxd6 Rxc4 27. Nxc4 Bxd5 28. Ra5 Bxc4 29.
Qxd8 Bxe2 30. Qxf8+ Kxf8 31. Rc3 g6 32. b4 e4 33. b5 Bf3+ 34. Kf1 Nxh3 35. Rxf3 exf3 36. Bd4 Ke7 37. b6 1-0

[Event "Early-Titled-Tuesday-Blitz-November-28-2023"]
[Site "Chess.com"]
[Date "2023.11.28"]
[Round "9"]
[White "andrzej"]
[Black "sergeikim"]
[Result "1-0"]
[WhiteElo "2465"]
[BlackElo "2570"]
[TimeControl "180+1"]
[EndTime "9:52:07 PST"]
[Termination "andrzej won by resignation"]

1. e4 e5 2. Nf3 Nc6 3. Bb5 a6 4. Ba4 Nf6 5. O-O b5 6. Bb3 Bc5 7. a4 Bb7 8. c3 d6 9. d4 Bb6 10. Re1 h6 11. a5 Ba7 12. Ba2 O-O 13. h3 Re8 14. Qb3 Qd7 15. dxe5 Nxe5 16. Nxe5 Rxe5 17. Nd2 Nxe4 18. Nxe4 Bxe4 19. Bf4 Ree8 20. Be3 c5 21. Rad1 Qb7 22. Rxd6 Bxg2 23. Qxf7+ Qxf7 24. Bxf7+ Kxf7 25. Kxg2 Re7 26. Rxa6 Rae8 27. Rd1 Bb8 28. Ra8 c4 29. a6 Be5 30. Rxe8 Rxe8 31. Rd7+ Ke6 32. Rb7 Ra8 33. a7 Kd5 34. Rxb5+ Ke4 35. Rb7 Kd5 36.
f4 Bd6 37. Kf3 g6 38. Rg7 g5 39. fxg5 hxg5 40. Rxg5+ Ke6 41. Rg6+ Kd5 42. Rg7 Be5 43. Rf7 Ke6 44. Rb7 Rf8+ 45. Kg4 Rg8+ 46. Bg5 Ra8 47. h4 Bd6 48. h5 Bc5 49. h6 Bxa7 50. h7 Bc5 51. Bh6 Rh8 52. Kh5 Kf5 53. Rf7+ Ke6 54. Rg7 Be7 55. Kg6 Bd6 56. Rg8 Be5 57. Bg7 Bxg7 58. Kxg7 1-0

[Event "Early-Titled-Tuesday-Blitz-November-28-2023"]
[Site "Chess.com"]
[Date "2023.11.28"]
[Round "9"]
[White "DenLaz"]
[Black "IM_ArthurDW08"]
[Result "0-1"]
[WhiteElo "3019"]
[BlackElo "2809"]
[TimeControl "180+1"]
[EndTime "9:52:08 PST"]
[Termination "IM_ArthurDW08 won by resignation"]

1. d4 Nf6 2. Nf3 g6 3. c4 Bg7 4. Nc3 O-O 5. e4 d6 6. Be2 e5 7.
Be3 Ng4 8. Bg5 f6 9. Bh4 Nc6 10.
d5 Ne7 11. Nd2 f5 12. Bxg4 fxg4 13. Qe2 h6 14. Bxe7 Qxe7 15. O-O-O Bd7 16. Kb1 Rf7 17. f3 Raf8 18. Rhf1 Qh4 19. fxg4 Qxh2 20. g5 h5 21.
Nf3 Qg3 22. c5 Bg4 23. cxd6 cxd6 24. Nb5 h4 25. Nxd6 Rf4 26. Rg1 h3 27. gxh3 Qxf3 28. Qxf3 Bxf3 29. Rde1 b6 30. Re3 Rd8 31. Rg3 Bh1 32.
Rg1 Bf3 33. Rg3 Bh5 34. Nb5 a6 35. Nc3 b5 36. a3 Bf8 37. Rd3 b4 38. axb4 Bxb4 39.
Rge3 Rf2 40. Ka2 Bc5 41. Re1 Rb8 42. Rb1 Bd4 43. d6 Be2 44. Rd2 Bc4+ 45. Ka3 Rxd2 0-1

[Event "Early-Titled-Tuesday-Blitz-November-28-2023"]
[Site "Chess.com"]
[Date "2023.11.28"]
[Round "9"]
[White "FunnyDuck66"]
[Black "elohunter1999"]
[Result "0-1"]
[WhiteElo "2553"]
[BlackElo "2728"]
[TimeControl "180+1"]
[EndTime "9:52:10 PST"]
[Termination "elohunter1999 won on time"]

1. d4 f5 2. Bf4 Nf6 3. e3 g6 4.
Be2 d6 5. Nf3 Bg7 6. c4 O-O 7.
Nc3 Nh5 8. Bg3 Qe8 9. Qb3 Na6 10.
c5+ Kh8 11. Bxa6 bxa6 12. O-O Bd7 13. Qa3 Nxg3 14. hxg3 Rb8 15. Rab1 Bc8 16. Rfc1 h6 17. Nd5 Qd8 18. Nh4 Kh7 19. Qa5 g5 20. Nf3 Rb7 21. c6 Rb5 22. Qxc7 Rxd5 23. Qxa7 Be6 24. a4 Ra5 25.
Ra1 Qb8 26. Qxe7 Re8 27. c7 Qc8 28. Qxd6 Rd5 29. Qb6 Rd7 30. b4 Bd5 31. b5 Re6 32. Qb8 Re8 33. Qa7 axb5 34. axb5 Qb7 35. Qxb7 Bxb7 36. b6 Re6 37. c8=Q Bxc8 38. Rxc8 Rxb6 39. Raa8 Rb1+ 40. Kh2 Rb2 41. Ne5 Bxe5 42. dxe5 Rxf2 43.
Rh8+ Kg6 44. Rag8+ Kh5 45. e6 Rdd2 46. Re8 Rxg2+ 47. Kh1 Rge2 48. Rxh6+ Kg4 0-1

[Event "Early-Titled-Tuesday-Blitz-November-28-2023"]
[Site "Chess.com"]
[Date "2023.11.28"]
[Round "9"]
[White "jaskol95"]
[Black "kingofthenil"]
[Result "0-1"]
[WhiteElo "2552"]
[BlackElo "2722"]
[TimeControl "180+1"]
[EndTime "9:52:10 PST"]
[Termination "kingofthenil won by resignation"]

1. e4 Nc6 2. Nf3 d5 3. Nc3 dxe4 4. Nxe4 Qd5 5. Nc3 Qh5 6. Be2 Bg4 7. d3 O-O-O 8. Be3 e5 9. Qd2 f5 10. O-O-O f4 11.
Nxe5 fxe3 12. Bxg4+ Qxg4 13. Nxg4 exd2+ 14. Rxd2 h5 15. Ne3 Nf6 16. Re2 Nd4 17. Ree1 g6 18. Nc4 Bh6+ 19.
Kb1 Rhe8 20. Ne5 Ng4 21. Nf7 Rxe1+ 22. Rxe1 Rf8 23. Nxh6 Nxh6 24. f3 Nhf5 25. Ne4 h4 26. c3 Ne6 27. g4 Nfg7 28. Rf1 c5 29. Kc2 Kc7 30. Kd2 Nf4 31. Nxc5 Kc6 32. Ne4 Nge6 33. Ke3 Nd5+ 34. Kd2 b5 35. d4 Nef4 36. Nc5 Re8 37. Ne4 a5 38. b3 b4 39. c4 Nc3 40. d5+ Kb6 41. Nxc3 bxc3+ 42. Kxc3 Kc5 43. Rf2 h3 44. a3 Re3+ 45. Kc2 Nd3 46. Rd2 Ne1+ 47. Kd1 Nxf3 48. Rb2 Re1+ 49. Kc2 Re2+ 50. Kc3 Rxb2 51. Kxb2 Nxh2 52.
Kc3 Nxg4 53. b4+ axb4+ 54. axb4+ Kd6 55. Kd4 h2 56. c5+ Kd7 57. c6+ Kd6 58. b5 h1=Q 0-1

[Event "Early-Titled-Tuesday-Blitz-November-28-2023"]
[Site "Chess.com"]
[Date "2023.11.28"]
[Round "9"]
[White "koncheto"]
[Black "Sulthankan"]
[Result "1-0"]
[WhiteElo "2526"]
[BlackElo "2364"]
[TimeControl "180+1"]
[EndTime "9:52:10 PST"]
[Termination "koncheto won by resignation"]

1. e4 c5 2. Nf3 d6 3. d4 cxd4 4. Nxd4 Nf6 5. f3 e5 6. Nb3 d5 7. Bg5 d4 8. c3 Nc6 9. Bb5 h6 10. Bxf6 Qxf6 11. cxd4 Bb4+ 12. Nc3 O-O 13. Bxc6 Qxc6 14.
Rc1 Qb6 15. O-O Bxc3 16. bxc3 Be6 17. Kh1 Bc4 18. Rf2 Rfd8 19. Rd2 Rac8 20. dxe5 Rxd2 21. Qxd2 Bxb3 22. Rb1 Rd8 23. Qe1 Qa5 24. axb3 Qxe5 25. h3 Rd3 26. c4 Qf4 27. b4 Rd2 28. Rd1 Rc2 29. c5 Qg5 30. Qf1 Rb2 31. Rb1 Rc2 32. Ra1 a6 33. Rd1 Rb2 34. Rd5 Qe3 35. Rd3 Qf4 36. Qe1 Rc2 37. Rc3 Rb2 38. Rc1 Qg5 39. Qg1 Qf4 40. Rb1 Rc2 41. Qd1 Rf2 42.
Qd8+ Kh7 43. Qd3 Qg3 44. Rg1 Rd2 45. Qxd2 Qf4 46. Qxf4 1-0

[Event "Early-Titled-Tuesday-Blitz-November-28-2023"]
[Site "Chess.com"]
[Date "2023.11.28"]
[Round "9"]
[White "Kotlyar_K"]
[Black "LizardMorrison"]
[Result "1-0"]
[WhiteElo "2638"]
[BlackElo "2216"]
[TimeControl "180+1"]
[EndTime "9:52:10 PST"]
[Termination "Kotlyar_K won by checkmate"]

1. e4 a6 2. d4 g6 3. Be3 Bg7 4. f4 b5 5. Nf3 Bb7 6. Bd3 d6 7.
O-O Nd7 8. Nbd2 e6 9. Qe2 Ne7 10.
Kh1 h6 11. Bg1 f5 12. exf5 exf5 13. Rae1 Nf6 14. c4 bxc4 15. Bxc4 d5 16. Bd3 Ne4 17. Ne5 O-O 18. Ndf3 Qd6 19. Rc1 c6 20. Nh4 Rfc8 21.
a3 Kh7 22. b4 Ng8 23. Nhxg6 Ngf6 24. Nh4 Qd8 25. Nxf5 Qe8 26. Bxe4 Nxe4 27. Nxg7 Kxg7 28. Qg4+ Kh7 29. Qf5+ Kg7 30. Qg4+ Kh7 31. f5 Rc7 32. f6 Bc8 33. f7 Bxg4 34. fxe8=Q Rxe8 35. Nxg4 Kg6 36. Ne5+ Kh5 37. Rxc6 Rxe5 38. Rxc7 Rg5 39. Be3 Rg4 40.
Rf3 Kg6 41. h3 Rg3 42. Rxg3+ Nxg3+ 43. Kh2 Ne4 44. Rc6+ Kh5 45. Rxa6 Ng5 46. Bxg5 hxg5 47. g4+ Kh4 48. Rh6# 1-0

[Event "Early-Titled-Tuesday-Blitz-November-28-2023"]
[Site "Chess.com"]
[Date "2023.11.28"]
[Round "9"]
[White "Dinosaurio_1975"]
[Black "AnaKuchava"]
[Result "1-0"]
[WhiteElo "2519"]
[BlackElo "2210"]
[TimeControl "180+1"]
[EndTime "9:52:14 PST"]
[Termination "Dinosaurio_1975 won by checkmate"]

1. e4 c5 2. Nf3 d6 3. Bb5+ Bd7 4.
Bxd7+ Qxd7 5. O-O Nc6 6. c3 e6 7. d4 cxd4 8. cxd4 Nf6 9. Re1 d5 10. e5 Ne4 11. a3 Be7 12. Nbd2 Nxd2 13. Bxd2 Rc8 14. Rc1 a6 15. h4 b5 16. h5 h6 17. Qb3 Qb7 18. Qe3 Kd7 19. Qf4 Rhf8 20. Qg4 Qb6 21. Re3 Rg8 22. Qf4 Rgf8 23. Qg4 Rg8 24.
Bc3 Na5 25. Nd2 Nc4 26. Nxc4 Rxc4 27. Rf3 Ke8 28. Rd1 a5 29. Rdd3 b4 30. axb4 axb4 31.
Bd2 Rc2 32. Rxf7 Kxf7 33. Qg6+ Kf8 34. Rf3+ Bf6 35. exf6 Rxd2 36. fxg7+ Ke7 37. Qf7+ Kd6 38. Qxg8 Rd1+ 39. Kh2 Qxd4 40. Qd8+ Kc6 41. g8=Q Qe5+ 42.
Qg3 Qxh5+ 43. Qh3 Qe5+ 44. Rg3 Qe1 45. Qc8+ Kb5 46. Qb7+ Ka4 47. Qa6# 1-0

[Event "Early-Titled-Tuesday-Blitz-November-28-2023"]
[Site "Chess.com"]
[Date "2023.11.28"]
[Round "9"]
[White "fighter2jz"]
[Black "Goryachkina"]
[Result "1/2-1/2"]
[WhiteElo "2807"]
[BlackElo "2624"]
[TimeControl "180+1"]
[EndTime "9:52:15 PST"]
[Termination "Game drawn by agreement"]

1. e4 c5 2. Nf3 e6 3. d4 cxd4 4. Nxd4 Nc6 5. Nc3 Bc5 6. Nb3 Bb4 7. Bd3 Nge7 8. O-O O-O 9. Bd2 f5 10. f4 fxe4 11. Nxe4 Nf5 12. c4 d5 13. cxd5 exd5 14.
Ng5 h6 15. Nf3 Qb6+ 16. Kh1 Ne3 17. Bxe3 Qxe3 18. Nfd4 Bd7 19. Nc2 Qe7 20. Nxb4 Nxb4 21. Nd4 Qe3 22. Rf3 Nxd3 23. Rxe3 Nf2+ 24. Kg1 Nxd1 25.
Rxd1 Rxf4 26. Ne2 Rf7 27. Rxd5 Raf8 28. Ng3 Bc6 29. Rd2 h5 30. h4 Rf4 31. Nxh5 Rxh4 32. Ng3 Rg4 33. Rf2 Rd8 34. Nf5 Be4 35.
Ne7+ Kh8 36. Rh3+ Bh7 37. Re2 g5 38. Re6 Rh4 39. Rxh4 gxh4 40. Ng6+ Bxg6 41. Rxg6 Rd1+ 42. Kh2 Rd2 43. Rh6+ Kg7 44. Rxh4 Rxb2 45. Ra4 a6 46. Kh3 Kg6 47. g4 1/2-1/2

[Event "Early-Titled-Tuesday-Blitz-November-28-2023"]
[Site "Chess.com"]
[Date "2023.11.28"]
[Round "9"]
[White "Kildepiotr"]
[Black "The_Straightforward_Rook"]
[Result "1-0"]
[WhiteElo "2691"]
[BlackElo "2465"]
[TimeControl "180+1"]
[EndTime "9:52:15 PST"]
[Termination "Kildepiotr won by resignation"]

1. Nf3 Nf6 2. g3 d5 3. Bg2 c5 4. O-O e6 5. d3 Nc6 6. Nbd2 Be7 7. e4 b6 8. Qe2 Bb7 9. c3 Qc7 10. Re1 h6 11. a3 O-O 12. e5 Nh7 13. h4 b5 14. Nf1 a5 15. Bf4 b4 16. c4 dxc4 17.
dxc4 Rfd8 18. a4 Nf8 19. h5 Rd7 20. Red1 Rad8 21. Rxd7 Rxd7 22. Rd1 Rxd1 23. Qxd1 Qd7 24. Qc1 Nd4 25. Nxd4 Bxg2 26. Kxg2 cxd4 27. b3 Qc6+ 28. f3 Nd7 29. Nd2 Nc5 30. Qb1 f6 31. exf6 Bxf6 32. Ne4 e5 33. Nxc5 Qxc5 34. Bd2 Qc6 35. Qf5 Kf7 36.
Kf2 Qe6 37. Qg6+ Ke7 38. g4 Qf7 39. Qe4 Qe6 40. Ke2 Qb6 41. Kd3 Qc5 42. Qb7+ Kd6 43.
Qb8+ Ke7 44. Qb5 Kd6 45. Qxc5+ Kxc5 46. Ke4 Kd6 47. Kf5 Kc5 48. Ke4 Bg5 49. Be1 Bf4 50. Bh4 Bg5 51. Bg3 Bf6 52. f4 exf4 53. Bxf4 Kc6 54.
Bg3 Kc5 55. Bc7 d3 56. Kxd3 Bc3 57. Bxa5 Kc6 58. Bd8 Kc5 59. Be7+ Kc6 60. Bh4 Kc5 61. Bf2+ Kc6 62. Be3 Be1 63. Bd2 Bxd2 64. Kxd2 1-0

[Event "Early-Titled-Tuesday-Blitz-November-28-2023"]
[Site "Chess.com"]
[Date "2023.11.28"]
[Round "9"]
[White "Hikaru"]
[Black "GHANDEEVAM2003"]
[Result "1-0"]
[WhiteElo "3226"]
[BlackElo "3159"]
[TimeControl "180+1"]
[EndTime "9:52:16 PST"]
[Termination "Hikaru won by resignation"]

1. g3 g6 2. e4 c5 3. c3 Bg7 4. d4 cxd4 5. cxd4 d5 6. e5 Nc6 7. Bg2 f6 8. exf6 Nxf6 9. Ne2 O-O 10. Nbc3 Bg4 11. h3 Bxe2 12. Nxe2 Ne4 13. O-O e6 14.
Be3 Nd6 15. Qb3 Nf5 16. Rad1 Na5 17. Qd3 Rc8 18. h4 Qb6 19. b3 Nc6 20. a3 Na5 21.
Rb1 Qd6 22. Bc1 Qb6 23. Be3 Nc6 24.
Rfd1 Nce7 25. Bh3 Rc6 26. Bg5 Bf6 27. Bxf6 Rxf6 28. Re1 Rf8 29. Rbd1 e5 30. dxe5 Nxh4 31. Nd4 Qxd4 32. Qxd4 Nf3+ 33. Kf1 Nxd4 34. Rxd4 Rc3 35. Kg2 Rxb3 36. Be6+ Kg7 37. Bxd5 Rd8 38. Bxb3 Rxd4 39. Rc1 Nc6 40. Rc5 Re4 41. f4 Re3 42. Bd5 g5 43. Bxc6 bxc6 44. f5 Rxa3 45. Rxc6 g4 46. Rc7+ Kh6 47. f6 Ra2+ 48. Kf1 Kg6 49. Rg7+ Kf5 50.
f7 1-0

[Event "Early-Titled-Tuesday-Blitz-November-28-2023"]
[Site "Chess.com"]
[Date "2023.11.28"]
[Round "9"]
[White "KononenkoD"]
[Black "GeorgiosSouleidis"]
[Result "1-0"]
[WhiteElo "2534"]
[BlackElo "2623"]
[TimeControl "180+1"]
[EndTime "9:52:16 PST"]
[Termination "KononenkoD won by resignation"]

1. d4 Nf6 2. c4 g6 3. Nc3 Bg7 4. Nf3 O-O 5. g3 d6 6. Bg2 Nc6 7. O-O e5 8. d5 Nb8 9. Ne1 a5 10.
Nd3 Na6 11. f4 exf4 12. gxf4 b6 13. e4 Ng4 14. h3 Qh4 15. hxg4 Bxg4 16. Qe1 Qh5 17.
Be3 Nb4 18. Qd2 Rfe8 19. Nf2 Bd7 20. Rae1 Na6 21. Qe2 Qh4 22. Nd3 Nc5 23. Nxc5 bxc5 24. Qf2 Qh5 25. e5 dxe5 26. Bxc5 f5 27. d6 c6 28. Ne2 exf4 29. Nxf4 Qg4 30. Qf3 Qg5 31. b3 Rac8 32. Re7 Rxe7 33. dxe7 Qf6 34. Re1 Be8 35. Ne6 Qh4 36. Qf2 Qg4 37. Nxg7 Kxg7 38. Qd4+ Qxd4+ 39. Bxd4+ Kf7 40. Bc5 Bd7 41. Rd1 Ke8 42. Kf2 Ra8 43. Rd6 Rc8 44. Rf6 Be6 45. Rf8+ Kd7 46. Rxc8 1-0

[Event "Early-Titled-Tuesday-Blitz-November-28-2023"]
[Site "Chess.com"]
[Date "2023.11.28"]
[Round "9"]
[White "whitemirrorninja"]
[Black "zeitnotakrobat"]
[Result "1-0"]
[WhiteElo "2511"]
[BlackElo "2384"]
[TimeControl "180+1"]
[EndTime "9:52:19 PST"]
[Termination "whitemirrorninja won on time"]

1. e4 c5 2. Nf3 e6 3. d3 Nc6 4. Nbd2 Nf6 5. g3 Be7 6. Bg2 d6 7. O-O O-O 8. c3 Qc7 9. Re1 Rb8 10. a4 a6 11. h3 b5 12. axb5 axb5 13. d4 cxd4 14.
Nxd4 Ne5 15. Qe2 b4 16. c4 Bb7 17. b3 Rfd8 18. Bb2 Nc6 19. Nb5 Qb6 20. Qe3 Qxe3 21. Rxe3 Ra8 22. Ree1 Ne8 23. f4 Rxa1 24. Rxa1 Ra8 25.
Rxa8 Bxa8 26. Kf2 Na5 27. Bd4 f6 28. Bb6 Nc6 29. e5 dxe5 30. fxe5 Kf7 31. exf6 Nxf6 32.
Ne4 Nxe4+ 33. Bxe4 h6 34. h4 Bb7 35. Ke3 Ke8 36. Bg6+ Kd7 37. Nd4 Nxd4 38. Bxd4 Bf6 39. Bc5 Bc3 40. Bf8 Bg2 41. Bc5 Bh3 42. Bd4 Bxd4+ 43.
Kxd4 Bg4 44. c5 e5+ 45. Kc4 Bf3 46. Kxb4 e4 47. Kc4 e3 48. Kd3 e2 49. Kd2 Kc6 50. Bd3 Kxc5 51. Bxe2 Bd5 52. Kc3 g5 53. b4+ Kb6 54. h5 1-0

[Event "Early-Titled-Tuesday-Blitz-November-28-2023"]
[Site "Chess.com"]
[Date "2023.11.28"]
[Round "9"]
[White "LiemLe"]
[Black "Rud_Makarian"]
[Result "0-1"]
[WhiteElo "3126"]
[BlackElo "3009"]
[TimeControl "180+1"]
[EndTime "9:52:21 PST"]
[Termination "Rud_Makarian won on time"]

1. Nf3 Nf6 2. c4 e6 3. Nc3 d5 4. e3 dxc4 5. Bxc4 a6 6. d4 b5 7. Bd3 Bb7 8. Qe2 Nbd7 9. e4 c5 10. e5 Nd5 11. Bg5 Qc7 12. O-O c4 13. Be4 N7b6 14. Nd2 h6 15. Bh4 Bb4 16. Rac1 Bxc3 17.
bxc3 g5 18. Bg3 O-O-O 19. f4 gxf4 20. Bxf4 Nxf4 21. Rxf4 Nd5 22. Rf3 Rhg8 23. Rcf1 Rg7 24. g3 Qa5 25. Nb1 Qc7 26. Qf2 Rd7 27. Qd2 Rg4 28. Bc2 h5 29. Qh6 h4 30. Rxf7 Rxf7 31.
Qxe6+ Qd7 32. Qxf7 Qxf7 33. Rxf7 Ne3 34. Bh7 hxg3 35.
e6 gxh2+ 36. Kxh2 Rg2+ 37. Kh3 Bd5 38. Rf8+ Kc7 39. e7 Be6+ 40. Kh4 Rg4+ 41. Kh5 Bd7 42.
e8=Q Bxe8+ 43. Rxe8 Rg3 44. Kh4 Nf1 45. Nd2 Rg1 46.
Nxf1 Rxf1 47. Be4 Ra1 0-1

[Event "Early-Titled-Tuesday-Blitz-November-28-2023"]
[Site "Chess.com"]
[Date "2023.11.28"]
[Round "9"]
[White "Ramla2020"]
[Black "VladimirBugayev"]
[Result "1/2-1/2"]
[WhiteElo "2528"]
[BlackElo "2332"]
[TimeControl "180+1"]
[EndTime "9:52:25 PST"]
[Termination "Game drawn by repetition"]

1. c4 c5 2. g3 g6 3. Bg2 Bg7 4. Nc3 Nc6 5. e3 e5 6. Nge2 Nge7 7. a3 a5 8. b3 d6 9. Bb2 O-O 10. Nd5 Nxd5 11. cxd5 Ne7 12. e4 b5 13. O-O Bg4 14.
h3 Bxe2 15. Qxe2 b4 16. axb4 axb4 17. Rxa8 Qxa8 18. Ra1 Qb7 19. Qa6 Rb8 20. Qxb7 Rxb7 21. Ra8+ Bf8 22. Rd8 Rb6 23. f4 f6 24. h4 Kf7 25. Bh3 Ra6 26. fxe5 fxe5 27. Be6+ Kg7 28. Rd7 Ra2 29. Bxe5+ dxe5 30. d6 Kf6 31. dxe7 Bxe7 32. Bc4 h6 33. Rd3 g5 34. Rf3+ Kg6 35. Bf7+ Kg7 36. Bh5 Bf6 37. Rd3 gxh4 38. Rd7+ Kg8 39. gxh4 Bxh4 40. Kg2 Bg5 41. Kf3 Rxd2 42. Rc7 Rd3+ 43.
Kg4 Rxb3 44. Kf5 Rd3 45. Rxc5 b3 46. Rb5 Kf8 47. Ke6 Rc3 48. Rb8+ Kg7 49. Rb7+ Kf8 50. Kxe5 Rc5+ 51. Ke6 Rc6+ 52. Kd5 Rc3 53. e5 Bc1 54. e6 Bg5 55. Rf7+ Kg8 56. Rb7 Re3 57. Bf7+ Kf8 58. Bg6 Rd3+ 59. Ke4 Re3+ 60. Kf5 Rf3+ 61. Ke5 Re3+ 62.
Be4 Re2 63. Rxb3 Kg7 64. Rb7+ Kf8 65. Kd5 Rd2+ 66. Ke5 Re2 67. Rb8+ Kg7 68. Rb7+ Kf8 1/2-1/2

[Event "Early-Titled-Tuesday-Blitz-November-28-2023"]
[Site "Chess.com"]
[Date "2023.11.28"]
[Round "9"]
[White "Rakhmanov_Aleksandr"]
[Black "Krakozia"]
[Result "1-0"]
[WhiteElo "2860"]
[BlackElo "2941"]
[TimeControl "180+1"]
[EndTime "9:52:28 PST"]
[Termination "Rakhmanov_Aleksandr won on time"]

1. d4 Nf6 2. c4 e6 3. Nc3 d5 4.
cxd5 exd5 5. Bg5 c6 6. e3 h6 7. Bh4 Be7 8. Bd3 O-O 9. Bg3 Re8 10. h3 Bd6 11. Nge2 Bxg3 12. Nxg3 Nbd7 13. O-O Nf8 14.
b4 a6 15. a4 Ne6 16. Rb1 Ng5 17. b5 axb5 18. axb5 Qd6 19. bxc6 bxc6 20. Bf5 Ba6 21. Re1 g6 22. Bc2 Bc8 23. f4 Ne6 24. Qf3 c5 25. f5 Ng5 26. Qf4 Qxf4 27. exf4 Rxe1+ 28. Rxe1 Nxh3+ 29. gxh3 Ra3 30. Nce2 cxd4 31. Rd1 Ba6 32. Rxd4 g5 33. fxg5 hxg5 34. Kg2 Bc4 35. Rd2 g4 36.
Nd4 gxh3+ 37. Kxh3 Nh5 38. Bb3 Nxg3 39. Kxg3 Kf8 40.
Kf4 Bxb3 41. Rd3 Ra4 42. Ke5 Bc4 43. Rh3 Ke7 44. f6+ Kd7 45. Rh7 Ra1 46. Rxf7+ Ke8 47.
Re7+ Kd8 48. Ne6+ Kc8 49. f7 Re1+ 50. Kd6 1-0

[Event "Early-Titled-Tuesday-Blitz-November-28-2023"]
[Site "Chess.com"]
[Date "2023.11.28"]
[Round "9"]
[White "DanylaBagrov"]
[Black "tacticthunder"]
[Result "0-1"]
[WhiteElo "2589"]
[BlackElo "2790"]
[TimeControl "180+1"]
[EndTime "9:52:28 PST"]
[Termination "tacticthunder won by resignation"]

1. e4 c5 2. b4 cxb4 3. a3 b3 4. cxb3 Nf6 5. Nc3 e5 6. Bc4 a6 7.
Nf3 b5 8. Bd5 Nxd5 9. Nxd5 Nc6 10. Bb2 d6 11. Rc1 Bb7 12. d4 f6 13. Nh4 g6 14. Qg4 Kf7 15. dxe5 dxe5 16. O-O Ne7 17. Nxf6 Bg7 18. Nd7 Nc6 19. Rfd1 Re8 20. Nc5 Bc8 21. Qf3+ Qf6 22. Nd7 Qxf3 23. Nxf3 Bb7 24. Ndxe5+ Nxe5 25. Rc7+ Re7 26. Nxe5+ Bxe5 27. Rxe7+ Kxe7 28. Bxe5 Bxe4 29. Re1 Bd5 30. b4 Kf7 31. Bd6 Re8 32. Rd1 Bb3 33. Rc1 Bc4 34. f3 Re2 35. Bf4 Ke6 36. Rd1 Kf5 37. Bg3 h5 38. h4 Ra2 39. Bc7 Rxa3 40.
Rd6 Ra4 41. Ba5 Ke5 42. Rxa6 Kd4 43. Rxg6 Kc3 44. Rg5 Rxa5 45. bxa5 b4 46. Rg7 b3 47. Rb7 b2 48. f4 Bb3 49. Rc7+ Kb4 50. Rb7+ Ka3 51. a6 b1=Q+ 52. Kh2 Qe4 53. a7 Qxb7 0-1